Marri, neutral female human Wizard ---------------- -------- |..............| |......| |..............| ------ ##.......| |..............| # |....| # |......| |...............###### |....-#### |......| --.--.----------###### .....| #|......| ##### # ----.- --.----- ### # # ## # # # # ### # # # # # # ## # #########)########################0 --.---- #@a# # #----------# # | ######...<..| ---|-------### |.......`|# # |.....| |.........-# |.........# # |.....| |.........| |........| # ------- |..[......| |.........## # |.........+ ---------- # # ----------- ###################### Marri the Thaumaturge Experience level: 7 Strength: 13 Dexterity: 11 Constitution: 18 Intelligence: 18 Wisdom: 10 Charisma: 10 Health: 0(65) Energy: 71(71) AC: 0 Gold: 394 Moves: 3699 Your Inventory: Coins $ - 394 gold pieces Weapons a - a blessed +1 quarterstaff (weapon in hands) y - 9 [cursed -1] darts Armor b - an uncursed +0 cloak of magic resistance (being worn) p - an uncursed +0 splint mail (being worn) I - an [uncursed] +0 hard hat [dwarvish iron helm] (being worn) J - an [uncursed] rusty +0 pair of hard shoes [iron] (being worn) Comestibles M - 2 [uncursed] tins [of coyote meat] P - 2 [uncursed] slime molds Scrolls k - an uncursed scroll of charging Q - an uncursed scroll of confuse monster S - an uncursed scroll of magic mapping T - 2 [uncursed] scrolls labeled HZLRC KSTSBD MPFNG [of enchant weapon] V - an [uncursed] scroll labeled DAIYEN FOOELS [of remove curse] Spellbooks l - a blessed spellbook of force bolt t - an [uncursed] spellbook of haste self Potions R - an [uncursed] puce potion [of levitation] Rings d - an uncursed +1 ring of increase damage (on right hand) e - an uncursed ring of shock resistance u - an [uncursed] ring of invisibility x - an uncursed ring of poison resistance (on left hand) Wands c - an uncursed wand of undead turning (0:7) C - an uncursed wand of lightning (0:8) F - an [uncursed] wand of undead turning [0:5] Tools n - an uncursed magic marker (0:65) o - an uncursed blindfold N - an [uncursed] towel Gems q - 2 [uncursed] green gems [worthless glass] v - 2 [uncursed] blue gems [worthless glass] z - an uncursed chrysoberyl stone D - an [uncursed] yellow gem [worthless glass] Spells known in the end: Name Level Category Fail Memory a - force bolt 1 attack 94% [|||||||.] b - knock 1 matter 94% [|||||||.] c - haste self 3 escape 100% [||||||||] d - wizard lock 2 matter 100% [||||||||] Your skills at the end: Fighting Skills Weapon Skills quarterstaff [Basic / Expert] Spellcasting Skills attack spells [Basic / Expert] enchantment spells [Basic / Skilled] Final Attributes: You were piously aligned. Hunger level was 160. Your alignment was 27 / 28. Monster difficulty range was 1 - 6. Level difficulty was 6. You were immune to poison. You were magic-protected. You had a +1 damage bonus. You were unlucky (-1). You are dead. Vanquished creatures: an orc mummy a gnome mummy an ape 2 fire ants a mountain nymph an enormous rat a rock mole a shrieker 3 gnome lords a red naga hatchling a gray ooze 6 elf zombies a paper golem 2 wax golems a baby crocodile a little dog a floating eye 2 dwarves a kobold lord 2 giant bats a monkey an orc zombie 4 dwarf zombies an iguana a coyote 4 hobbits a large kobold 3 hobgoblins 2 giant rats 4 cave spiders 12 gnomes a gnome zombie 7 geckos a jackal 2 foxes 3 goblins 3 sewer rats 3 grid bugs a lichen 5 newts 91 creatures vanquished. Voluntary challenges: You used a wielded weapon 111 times. You read items or engraved 7 times. You put on armor 6 times. You never genocided any monsters. You never polymorphed an object. You never changed form. You used no wishes. You never wrote Elbereth's name. You never encountered a bones level. You never used any Sokoban shortcuts. Dungeon overview: The Dungeons of Doom: levels 1 to 6 Level 1 a long staircase Level 4 stairs to The Gnomish Mines Level 5 many fountains Level 6 <- You were here a long staircase The Gnomish Mines: Level 5 stairs to The Dungeons of Doom History has recorded: On T:1 you entered the Dungeons of Doom to retrieve the Amulet of Yendor! On T:465 you reached level 2 of The Dungeons of Doom. On T:473 you advanced to experience level 2. On T:719 you reached level 3 of The Dungeons of Doom. On T:949 you advanced to experience level 3. On T:1086 you advanced to experience level 4. On T:1304 you reached level 4 of The Dungeons of Doom. On T:1359 you advanced to experience level 5. On T:1819 you reached level 1 of The Gnomish Mines. On T:1880 you advanced to experience level 6. On T:2417 you advanced to experience level 7. On T:2852 you reached level 5 of The Dungeons of Doom. On T:3443 you reached level 6 of The Dungeons of Doom. Latest messages: The gnome wields a curved sword! The fire ant just misses! The fire ant bites! [HP+1=17] As you read the scroll, it disappears. Your surroundings suddenly seem different. The fire ant bites! (2x) You hear someone cursing shoplifters. [HP-7=10] The fire ant misses. The fire ant bites! The fire ant misses. The fire ant bites! [HP+1=11] The fire ant just misses! The fire ant bites! (2x) The fire ant just misses! [HP-7=4] You miss the fire ant. The fire ant bites! You die... Final status: Goodbye Marri the Wizard... You died in The Dungeons of Doom on dungeon level 6 with 2506 points, and 394 pieces of gold, after 3699 moves. You were level 7 with a maximum of 65 hit points when you died.